 Dungeon Crawl Stone Soup version 0.29-a0-1039-gfc20370e89 (webtiles) character file.

Game seed: 12134692167017604270

3732 Plasmagod the Grappler (level 9, -2/120 HPs)
             Began as a Troll Berserker on Aug 15, 2022.
             Was an Elder of Trog.
             Slain by a killer bee (3 damage)
             ... on level 8 of the Dungeon.
             The game lasted 00:12:25 (5664 turns).

Plasmagod the Grappler (Troll Berserker)            Turns: 5664, Time: 00:12:26

Health: -2/120     AC:  7    Str: 31    XL:     9   Next: 92%
Magic:  8/8        EV: 10    Int:  3    God:    Trog [****..]
Gold:   425        SH:  0    Dex:  9    Spells: 8/8 levels left

rFire   . . .      SeeInvis .     - Unarmed
rCold   . . .      Faith    .   (no shield)
rNeg    + . .      Spirit   .   a - +0 animal skin
rPois   .          Reflect  .   e - +0 hat
rElec   .          Harm     .   m - +2 cloak
rCorr   .          Rampage  .   (gloves unavailable)
Will    .....                   (boots unavailable)
Stlth   ..........              (no amulet)
HPRegen 1.10/turn               q - ring of positive energy
MPRegen 0.11/turn               (no ring)

@: berserking, lethally poisoned (-2 -> -20), studying Evocations, very quick
A: large, unfitting armour, claws 3, regeneration 1, shaggy fur 1, tough skin 1
a: Renounce Religion, Berserk, Trog's Hand, Brothers in Arms


You were on level 8 of the Dungeon.
You worshipped Trog.
Trog was greatly pleased with you.
You visited 1 branch of the dungeon, and saw 8 of its levels.
You also visited: Ossuary.

You collected 425 gold pieces.

Inventory:

Missiles
 f - 8 javelins (quivered)
Armour
 a - a +0 animal skin (worn)
 e - a +0 hat (worn)
 h - a scarf of shadows
 m - a +2 cloak (worn)
Jewellery
 q - a ring of positive energy (left claw)
Wands
 j - a wand of mindburst (21)
 n - a wand of iceblast (14)
Scrolls
 c - 3 scrolls of identify
 i - a scroll of blinking {unknown}
 l - a scroll of magic mapping
 o - 2 scrolls of enchant weapon
 x - 3 scrolls of teleportation
 B - a scroll of summoning
Potions
 b - a potion of cancellation
 d - 2 potions of might
 g - 3 potions of heal wounds
 k - 2 potions of flight
 p - 5 potions of curing
 r - 3 potions of resistance
 v - a potion of haste {unknown}
 w - 2 potions of lignification {unknown}
 z - a potion of invisibility {unknown}
 A - 2 potions of attraction {unknown}


   Skills:
 - Level 2.6 Fighting
 - Level 2.6 Dodging
 + Level 14.2 Unarmed Combat


You had 8 spell levels left.
You didn't know any spells.
Your spell library was empty.

Dungeon Overview and Level Annotations

Branches:
Dungeon (8/15)             Temple (0/1) D:5         Ossuary (visited)
   Lair: D:8-11

Altars:
Gozag
Nemelex Xobeh
Ru
Uskayaw
The Shining One

Shops:
D:3 *   D:4 *   D:6 (


Innate Abilities, Weirdness & Mutations

You are too large for most types of armour.
You have claws for hands.
Your natural rate of healing is unusually fast.
You are covered in fur. (AC +1)
You have tough skin. (AC +1)


Message History

The killer bee barely misses you.
The killer bee stings you but does no damage.
You barely miss the killer bee.
* * * LOW HITPOINT WARNING * * *
You feel very sick.
The killer bee stings you but does no damage. x2
The killer bee misses you.
The orc priest looks satisfied for a moment.
An orc comes into view. It is wielding a +0 mace.
A sky beast appears from thin air!
Reactivating autopickup.
You mangle the orc priest!!
You kill the orc priest!
Trog accepts your kill.
* * * LOW HITPOINT WARNING * * *
You feel very sick. The killer bee closely misses you.
The killer bee stings you but does no damage.
You claw the killer bee!
The killer bee is severely wounded.
* * * LOW HITPOINT WARNING * * *
You feel very sick.
The killer bee stings you but does no damage.
The killer bee barely misses you. The killer bee closely misses you.
The orc priest looks braver for a moment.
You miss the killer bee.
The killer bee is severely wounded.
* * * LOW HITPOINT WARNING * * *
You feel very sick.
The killer bee stings you but does no damage.
The killer bee completely misses you. The killer bee misses you.
The killer bee barely misses you.
You barely miss the killer bee.
The killer bee is severely wounded.
* * * LOW HITPOINT WARNING * * *
You feel sick. The killer bee stings you.
* * * LOW HITPOINT WARNING * * *
You are more poisoned.
The killer bee poisons you! The killer bee stings you.
You die...

###..# #.#.#
#.....##..#.
###..........
..##........
...##...~..
........Y. ..
.......yy## ...
....(..y@y##...
........#.oo..o.
!.....#.#.......
#.... #.........
#### ##.........
####..........
#.............
##.............
#................#


You could see a sky beast, 4 killer bees, an orc priest and 2 orcs.

Vanquished Creatures
  Pikel (D:7)
  Grinder (D:6)
  A hornet (D:7)
  Sigmund (D:4)
  An orc warrior (D:6)
  2 sky beasts (D:7)
  An ice beast (D:6)
  2 centaurs
  A phantom (D:6)
  3 bullfrogs
  3 necrophages
  4 scorpions
  A gnoll sergeant (D:8)
  3 wights (D:7)
  A killer bee (D:8)
  The ghost of BritishOli the Trooper, a weakling DsFi (D:3)
  2 howler monkeys
  4 orc priests
  4 hounds
  A jelly (D:7)
  4 iguanas
  7 orc wizards
  Natasha (thrice) (D:4)
  Robin (D:4)
  13 mummies (Ossuary)
  8 adders
  14 gnolls
  2 shadow imps
  3 white imps
  An ufetubus (D:7)
  3 worms
  2 dart slugs
  21 orcs
  11 bats
  2 endoplasms
  3 giant cockroaches
  14 goblins
  6 hobgoblins
  2 jackals (D:5)
  7 kobolds
  A quokka (D:1)
  5 ball pythons
  9 frilled lizards
  A gnoll skeleton (Ossuary)
  2 goblin skeletons (Ossuary)
  4 kobold skeletons (Ossuary)
  An orc skeleton (Ossuary)
  3 rats (D:1)
  11 rat skeletons (Ossuary)
202 creatures vanquished.

Vanquished Creatures (others)
  10 fungi (D:4)
  2 plants (D:5)
12 creatures vanquished.

Grand Total: 214 creatures vanquished

Notes
Turn   | Place    | Note
-------+----------+-------------------------------------------
     0 | D:1      | Plasmagod the Troll Berserker began the quest for the Orb.
     0 | D:1      | Reached XP level 1. HP: 22/22 MP: 0/0
   278 | D:1      | Reached XP level 2. HP: 29/29 MP: 1/1
   373 | D:1      | Reached ** piety under Trog
   589 | D:1      | Found a faded altar of an unknown god.
   687 | D:2      | Reached XP level 3. HP: 36/36 MP: 2/2
   729 | D:2      | Reached skill level 4 in Unarmed Combat
   986 | D:2      | Found a hide-covered altar of Uskayaw.
  1150 | D:3      | Reached XP level 4. HP: 44/44 MP: 3/3
  1261 | D:3      | Reached skill level 5 in Unarmed Combat
  1327 | D:3      | Reached XP level 5. HP: 46/50 MP: 4/4
  1441 | D:3      | Found Wusk's General Store.
  1476 | D:3      | Noticed BritishOli's ghost (weakling DsFi)
  1478 | D:3      | Found a runed translucent door.
  1932 | D:3      | Killed BritishOli's ghost
  1933 | D:3      | Reached skill level 6 in Unarmed Combat
  1970 | D:4      | Noticed Robin
  1977 | D:4      | Killed Robin
  2042 | D:4      | Reached XP level 6. HP: 51/59 MP: 5/5
  2079 | D:4      | Noticed Natasha
  2083 | D:4      | Killed Natasha
  2115 | D:4      | Noticed Sigmund
  2123 | D:4      | Killed Sigmund
  2124 | D:4      | Reached skill level 7 in Unarmed Combat
  2388 | D:4      | Noticed Natasha
  2396 | D:4      | Found a sand-covered staircase.
  2398 | D:4      | Killed Natasha
  2406 | Ossuary  | Entered an ossuary
  2414 | Ossuary  | Reached *** piety under Trog
  2488 | Ossuary  | Reached XP level 7. HP: 66/66 MP: 6/6
  2600 | Ossuary  | Reached skill level 8 in Unarmed Combat
  2881 | D:4      | Found Meucw's General Store.
  2886 | D:4      | Noticed Natasha
  2888 | D:4      | Killed Natasha
  3099 | D:5      | Entered Level 5 of the Dungeon
  3143 | D:5      | Reached **** piety under Trog
  3355 | D:5      | Found a staircase to the Ecumenical Temple.
  3446 | D:5      | Found a sacrificial altar of Ru.
  3487 | D:5      | Reached skill level 9 in Unarmed Combat
  3570 | D:5      | Reached XP level 8. HP: 74/74 MP: 7/7
  4041 | D:5      | Reached skill level 10 in Unarmed Combat
  4124 | D:5      | Identified a scroll of acquirement
  4124 | D:5      | Acquired a manual of Evocations
  4220 | D:6      | Reached skill level 11 in Unarmed Combat
  4493 | D:6      | Found Agrat's Weapon Shoppe.
  4558 | D:6      | Noticed Grinder
  4564 | D:6      | Killed Grinder
  4565 | D:6      | Reached skill level 12 in Unarmed Combat
  4565 | D:6      | Reached XP level 9. HP: 80/80 MP: 8/8
  4997 | D:7      | Noticed Pikel
  5003 | D:7      | Killed Pikel
  5008 | D:7      | Reached skill level 13 in Unarmed Combat
  5180 | D:7      | Found a glowing golden altar of the Shining One.
  5180 | D:7      | Found a sparkling altar of Nemelex Xobeh.
  5197 | D:7      | Found a faded altar of an unknown god.
  5199 | D:7      | Found a faded altar of an unknown god.
  5201 | D:7      | Found an opulent altar of Gozag.
  5276 | D:7      | Reached skill level 14 in Unarmed Combat
  5662 | D:8      | HP: 6/120 [poisoned by a killer bee]
  5664 | D:8      | HP: 2/120 [poisoned by a killer bee]
  5664 | D:8      | Slain by a killer bee

Illustrated notes

Levels and vault maps discovered:
D:1:      minmay_arrival_loop, layout_loops_ring,
          hellmonk_ecumenical_altar_leap_of_faith, roderic_roman_lattice
D:2:      layout_rooms, basic_altar
D:3:      layout_basic, serial_shops, nicolae_square_shop,
          hellmonk_ghost_happy_afterlife, nicolae_eternal_life
D:4:      layout_rooms, lightli_ossuary_entry_decrepit_ruins, serial_shops,
          kennysheep_mini, serial_aquarium, aquarium_bridge_square
          [aquarium_subvault_window, aquarium_subvault_bridge,
          aquarium_subvault_wall, aquarium_subvault_bridge],
          aquarium_bridge_square [aquarium_subvault_bridge,
          aquarium_subvault_bridge, aquarium_subvault_bridge,
          aquarium_subvault_wall], aquarium_window_fake,
          aquarium_window_corridor_3, aquarium_window_fake, aquarium_window_1,
          aquarium_view_2d, aquarium_view_2c, aquarium_pool_2, uniq_sigmund,
          uniq_robin, uniq_natasha
D:5:      layout_loops_corners, lemuel_round_altar,
          minmay_temple_entry_butterflies, minmay_lizard_king
D:6:      layout_basic, serial_shops, nicolae_take_the_stairs, st_stairs_11,
          minmay_splitting_lines, minmay_hedge_maze, uniq_grinder
D:7:      layout_gridville, chequers_temple_overflow_minitemple, uniq_pikel
D:8:      layout_cave_pools, led_sif_book, hangedman_glass_teeth

Skill      XL: |  1  2  3  4  5  6  7  8  9 |
---------------+----------------------------+-----
Unarmed Combat | 4 5 6 7 9 12 14 | 14.2
Fighting       | |  2.6
Dodging        | |  2.6

Action                   |  1- 3 |  4- 6 |  7- 9 || total
-------------------------+-------+-------+-------++-------
Melee: Unarmed           |    97 |   130 |   274 ||   501
       Punch             |     2 |       |    11 ||    13
Invok: Berserk           |     1 |     3 |     4 ||     8
  Use: Scroll            |       |     9 |    12 ||    21
 Stab: Sleeping          |       |     1 |       ||     1
Armor: Animal skin       |    46 |    31 |    75 ||   152
Dodge: Dodged            |    62 |    44 |   102 ||   208

Table legend: (Time is in decaauts)
 A = Elapsed time spent in this place.
 B = Non-inter-level travel time spent in this place.
 C = Inter-level travel time spent in this place.
 D = Time resting spent in this place.
 E = Time spent auto-exploring this place.
 F = Levels seen in this place.
 G = Mean time per level.
                   A        B        C        D        E       F      G
               +--------+--------+--------+--------+--------+-----+--------+
         Total |   5640 |   5408 |    232 |      0 |   4127 |   9 |  626.7 |
       Dungeon |   5246 |   5014 |    232 |      0 |   3878 |   8 |  655.8 |
       Ossuary |    394 |    394 |      0 |      0 |    249 |   1 |  394.0 |
               +--------+--------+--------+--------+--------+-----+--------+

Top non-repeatable levels by time:
     D:5: 1020 daAuts
     D:3: 875 daAuts
     D:6: 859 daAuts
     D:4: 732 daAuts
     D:1: 671 daAuts
     D:7: 519 daAuts
     D:2: 422 daAuts
 Ossuary: 394 daAuts
     D:8: 145 daAuts
